 Dungeon Sprint DCSS version 0.21.1-1-g345015f (webtiles) character file.

2195 Fang the Fighter (level 9, -3/82 HPs)
             Began as a Demonspawn Berserker on Apr 18, 2018.
             Was a High Priest of Trog.
             Killed from afar by a starcursed mass (7 damage)
             ... with an accursed screaming
             ... in the Dungeon (Sprint V: "Ziggurat Sprint").
             The game lasted 00:01:52 (443 turns).

Fang the Fighter (Demonspawn Berserker)              Turns: 443, Time: 00:01:53

Health: -3/82      AC: 13    Str: 30    XL:     9   Next: 12%
Magic:  9/9        EV:  9    Int:  8    God:    Trog [*****.]
Gold:   0          SH: 23    Dex: 13    Spells: 8/8 levels left

rFire    . . .     SeeInvis .   b - +7 trident "Tilydoje" {flame, rC+}
rCold    + . .     Gourm    .   k - +3 large shield
rNeg     . . .     Faith    .   a - +6 scale mail of Xebas {Str+3 Slay+3}
rPois    .         Spirit   .   (no helmet)
rElec    .         Reflect  .   (no cloak)
rCorr    .         Harm     .   (no gloves)
MR       .....     NoTele   +   (no boots)
Stlth    ..........             (no amulet)
HPRegen  0.23/turn              E - +6 ring of strength
MPRegen  0.11/turn              F - ring of flight

@: berserk cooldown, slowed, very slow
A: claws 2, large bone plates 1, powered by death 1, spiny 3
a: Berserk, Trog's Hand, Brothers in Arms, Burn Spellbooks, Renounce Religion,
Evoke Flight


You were in the Dungeon.
You worshipped Trog.
Trog was extremely pleased with you.
You were near starving.

You visited 1 branch

Inventory:

Hand Weapons
 b - the +7 trident "Tilydoje" (weapon) {flame, rC+}
   (You found it in the Dungeon)

   It has been specially enchanted to burn those struck by it, causing extra
   injury to most foes and up to half again as much damage against particularly
   susceptible opponents.
   It protects you from cold.
 l - a +5 executioner's axe
 G - a +5 demon trident
Armour
 a - the +6 scale mail of Xebas (worn) {Str+3 Slay+3}
   (You found it in the Dungeon)

   It affects your strength (+3).
   It affects your accuracy and damage with ranged weapons and melee attacks
   (+3).
 k - a +3 large shield (worn)
Jewellery
 E - a +6 ring of strength (left claw)
 F - a ring of flight (right claw)
Wands
 w - a wand of disintegration (7)
 x - a wand of iceblast (7)
 y - a wand of acid (7)
Scrolls
 i - 4 scrolls of blinking
 m - 7 scrolls of fog
 n - 5 scrolls of identify
 o - 5 scrolls of remove curse
 p - 2 scrolls of fear
Potions
 d - 10 potions of curing
 e - 10 potions of heal wounds
 f - 6 potions of haste
 g - 7 potions of magic
 h - 3 potions of berserk rage
 q - 2 potions of brilliance
 r - 2 potions of invisibility
 s - 4 potions of resistance
 t - a potion of experience
 u - 5 potions of agility
 v - 5 potions of might
Comestibles
 c - 7 rations


   Skills:
 + Level 12.3 Fighting
 + Level 10.1(11.1) Axes
 + Level 7.7(10.1) Polearms
 + Level 6.1 Armour
 + Level 5.6 Dodging
 + Level 0.5 Stealth
 + Level 4.4 Shields


You had 8 spell levels left.
You didn't know any spells.

Dungeon Overview and Level Annotations

Branches:
Dungeon (1/1)

Altars:
Ashenzari
Cheibriados
Dithmenos
Elyvilon
Fedhas
Gozag
Hepliaklqana
Kikubaaqudgha
Makhleb
Nemelex Xobeh
Okawaru
Qazlal
Ru
Sif Muna
Trog
Uskayaw
Vehumet
Wu Jian
Xom
Yredelemnul
Zin
The Shining One
Beogh
Jiyva
Lugonu

Annotations:
D 1 transporter


Innate Abilities, Weirdness & Mutations

You have very sharp fingernails.
You are partially covered in large bone plates. (SH +4)
You regenerate a little health from kills.
You are completely covered in sharp spines.


Message History

The starcursed mass is struck by your spines.
The starcursed mass engulfs you!
* * * LOW HITPOINT WARNING * * *
The starcursed mass shudders and is absorbed by its neighbour.
The starcursed mass engulfs you!
* * * LOW HITPOINT WARNING * * *
You impale the starcursed mass!! You burn the starcursed mass.
You destroy the starcursed mass!
Trog accepts your kill.
Your base Polearms skill increases to level 7!
Your Armour skill increases to level 6!
Your Shields skill increases to level 4!
You have reached level 9!
Your experience leads to an increase in your attributes!
Your base attributes are Str 20, Int 8, Dex 13.
Increase (S)trength, (I)ntelligence, or (D)exterity?
You feel stronger. You block the starcursed mass's attack.
A chorus of shrieks assaults your mind.
You die...

▓.....▓.....▓..©..▓
▓..©..▓..©..▓▓▓▓▓▓▓
▓▓▓▓▓▓▓▓▓▓▓▓▓▓
▓..8©8...▓
▓.."|)...▓
▓...|....▓
▓........▓
▓........▓
▓.▓...@▓.▓
▓...©XX..▓
▓▓▓▓▓▓▓▓▓▓


You could see 2 starcursed masses.

Vanquished Creatures
  A dancing weapon (D)
  A deep elf archer (D)
  A deep elf mage (D)
  2 necrophages (D)
  A phantom (D)
  A crimson imp (D)
  2 starcursed masses (D)
  A shadow imp (D)
  2 white imps (D)
  2 adder zombies (D)
14 creatures vanquished.

Notes
Turn   | Place    | Note
-------+----------+-------------------------------------------
     0 | D        | Found the +6 Majin-Bo {vamp, Archmagi MP+6 Int+6}
     0 | D        | Found the +7 great mace "Firestarter" {inner flame, rF++}
     0 | D        | Fang the Demonspawn Berserker began the quest for the Orb.
     0 | D        | Reached XP level 1. HP: 18/18 MP: 1/1
     3 | D        | Found a blossoming altar of Fedhas.
     5 | D        | Found a viscous altar of Jiyva.
     5 | D        | Found a hazy altar of Hepliaklqana.
     5 | D        | Found a transporter.
     5 | D        | Found an opulent altar of Gozag.
     5 | D        | Found an ancient bone altar of Kikubaaqudgha.
     5 | D        | Found a corrupted altar of Lugonu.
     9 | D        | Found a burning altar of Makhleb.
    10 | D        | Found a sacrificial altar of Ru.
    10 | D        | Found a stormy altar of Qazlal.
    10 | D        | Found a deep blue altar of Sif Muna.
    10 | D        | Found an iron altar of Okawaru.
    10 | D        | Found a bloodstained altar of Trog.
    10 | D        | Found a sparkling altar of Nemelex Xobeh.
    91 | D        | Entered arena 2.
    91 | D        | Found a transporter.
    98 | D        | Reached skill level 4 in Fighting
    98 | D        | Gained mutation: You regenerate a little health from kills. [demonic ancestry]
    98 | D        | Reached XP level 2. HP: 25/25 MP: 2/2
   136 | D        | Entered arena 3.
   136 | D        | Noticed a short sword of speed
   136 | D        | Noticed a deep elf mage
   136 | D        | Noticed a deep elf archer
   136 | D        | Found a transporter.
   143 | D        | Killed a short sword of speed
   143 | D        | Reached ** piety under Trog
   143 | D        | Reached skill level 10 in Fighting
   143 | D        | Gained mutation: You are partially covered in sharp spines. [demonic ancestry]
   143 | D        | Reached XP level 3. HP: 41/41 MP: 3/3
   143 | D        | Gained mutation: You are partially covered in large bone plates. (SH +4) [demonic ancestry]
   143 | D        | Reached XP level 4. HP: 47/47 MP: 4/4
   143 | D        | Gained mutation: You are mostly covered in sharp spines. [demonic ancestry]
   143 | D        | Reached XP level 5. HP: 53/53 MP: 5/5
   143 | D        | Gained mutation: You have sharp fingernails. [demonic ancestry]
   143 | D        | Reached XP level 6. HP: 60/60 MP: 6/6
   143 | D        | Gained mutation: You have very sharp fingernails. [demonic ancestry]
   143 | D        | Reached XP level 7. HP: 66/66 MP: 7/7
   146 | D        | Killed a deep elf mage
   146 | D        | Reached skill level 11 in Fighting
   146 | D        | Reached skill level 5 in Polearms
   146 | D        | Reached skill level 5 in Armour
   146 | D        | Reached skill level 5 in Dodging
   146 | D        | Gained mutation: You are completely covered in sharp spines. [demonic ancestry]
   146 | D        | Reached XP level 8. HP: 75/75 MP: 8/8
   177 | D        | Killed a deep elf archer
   177 | D        | Reached *** piety under Trog
   177 | D        | Reached skill level 10 in Axes
   189 | D        | Got the +7 trident "Tilydoje" {flame, rC+}
   377 | D        | Entered arena 4.
   377 | D        | Found a transporter.
   388 | D        | Reached **** piety under Trog
   392 | D        | Reached skill level 12 in Fighting
   398 | D        | Got the +6 scale mail of Xebas {Str+3 Slay+3}
   416 | D        | Entered arena 5.
   416 | D        | Noticed a starcursed mass
   416 | D        | Found a transporter.
   423 | D        | Paralysed by accursed screaming for 1 turns
   426 | D        | Reached ***** piety under Trog
   431 | D        | Killed a starcursed mass
   442 | D        | HP: 3/76 [starcursed mass (8)]
   443 | D        | Killed a starcursed mass
   443 | D        | Reached XP level 9. HP: 3/82 MP: 9/9
   443 | D        | Killed from afar by a starcursed mass

Skill      XL: |  1  2  3  4  5  6  7  8 |
---------------+-------------------------+-----
Axes           | 3 8 9 10 | 10.1
Armour         | 2 4 5 6 |  6.1
Dodging        | 2 4 5 |  5.6
Fighting       | 4 10 11 12 | 12.3
Polearms       | 4 5 7 |  7.7
Shields        | 2 4 |  4.4
Stealth        | |  0.5

Action                   |  1- 3 |  4- 6 |  7- 9 || total
-------------------------+-------+-------+-------++-------
Melee: Demon trident     |    11 |       |    13 ||    24
       Trident           |       |       |    31 ||    31
Invok: Berserk           |     2 |       |     1 ||     3
Armor: Shadow dragon sca |     5 |       |     6 ||    11
       Scale mail        |       |       |     2 ||     2
Dodge: Dodged            |       |       |     5 ||     5
Block: Large shield      |     8 |       |    34 ||    42
